Map: Neon Violet Square LE

Players

Patience - Winner!

  • Race: Protoss Protoss
  • Spawn Location: 11:00

Losira

  • Race: Zerg Zerg
  • Spawn Location: 5:00

Event: IEM Season 12 - Katowice

VOD

Have the link to the VOD?

Description

Time

  • Played on: Feb. 27, 2018, 12:25 p.m.
  • Length: 12:45

All games in this series

Show
View Real Time Build Order
Export as new Build Order

Patience Protoss - Winner!

Build Orders: 1 Gate Expand, Oracle Opening, Phoenix Opening, Archon Immortal, Zealot Archon 

Get SALT Encoding   

  12  0:00  Probe  
  13  0:12  Probe  
  14  0:18  Pylon  
  14  0:25  Probe (Chrono Boost)  
  15  0:37  Probe (Chrono Boost)  
  15  0:39  Gateway  
  16  0:45  Probe (Chrono Boost)  
  16  0:48  Assimilator  
  17  0:51  Probe  
  18  1:03  Probe  
  19  1:23  Nexus  
  19  1:33  Cybernetics Core  
  19  1:36  Probe  
  20  1:45  Assimilator  
  20  1:48  Probe  
  20  1:53  Pylon  
  21  2:00  Probe (Chrono Boost)  
  22  2:10  Adept (Chrono Boost)  
  22  2:12  Probe (Chrono Boost)  
  25  2:19  Stargate  
  25  2:20  Probe (Chrono Boost)  
  26  2:28  Probe  
  27  2:34  Adept  
  29  2:40  Probe  
  30  2:45  Probe  
  31  2:53  Probe  
  32  2:58  Probe  
  32  3:03  Phoenix (Chrono Boost)  
  35  3:05  Probe  
  35  3:07  Pylon  
  35  3:10  Adept  
  38  3:13  Probe  
  38  3:18  Probe  
  40  3:26  Oracle (Chrono Boost)  
  40  3:27  Gateway  
  42  3:44  Probe  
  44  3:55  Shield Battery  
  44  4:00  Gateway  
  43  4:08  Pylon  
  43  4:09  Probe  
  44  4:11  Probe  
  44  4:14  Cybernetics Core  
  45  4:21  Probe  
  45  4:23  Probe  
  47  4:27  Oracle (Chrono Boost)  
  49  4:33  Probe  
  49  4:35  Probe, Assimilator x2  
  52  4:45  Probe (Chrono Boost)  
  52  4:46  Warp Gate (Chrono Boost)  
  52  4:47  Probe (Chrono Boost)  
  53  4:56  Pylon  
  53  4:58  Probe (Chrono Boost)  
  53  4:59  Probe (Chrono Boost)  
  55  5:03  Oracle  
  55  5:04  Probe x2 (Chrono Boost)  
  58  5:12  Probe  
  58  5:13  Probe  
  60  5:17  Robotics Facility  
  60  5:18  Twilight Council  
  60  5:24  Probe  
  60  5:26  Probe  
  62  5:36  Probe  
  62  5:38  Probe  
  62  5:41  Pylon  
  64  5:48  Probe  
  65  5:50  Probe  
  65  5:52  Gateway  
  65  5:54  Gateway  
  65  5:55  Charge  
  66  5:57  Nexus  
  66  6:00  Probe  
  66  6:02  Probe  
  68  6:04  Warp Prism (Chrono Boost)  
  68  6:05  Templar Archives  
  70  6:12  Probe  
  70  6:17  Probe  
  72  6:23  Gateway  
  72  6:24  Probe  
  72  6:25  Gateway  
  73  6:35  Gateway  
  73  6:36  Pylon  
  73  6:38  Pylon  
  73  6:41  Forge, Assimilator  
  73  6:44  Assimilator  
  73  6:50  Probe x2  
  73  6:52  Immortal (Chrono Boost)  
  75  6:58  Pylon  
  75  7:01  High Templar x4  
  83  7:02  Probe  
  83  7:04  Protoss Ground Weapons Level 1 (Chrono Boost)  
  83  7:08  Archon x2  
  88  7:18  Sentry  
  88  7:22  Probe x2  
  92  7:23  Probe, Psionic Storm  
  92  7:25  Pylon  
  92  7:26  Pylon  
  93  7:45  Immortal  
  93  7:48  Gateway  
  93  7:49  Gateway  
  97  7:52  Pylon  
  97  8:02  High Templar x2  
  97  8:03  High Templar  
  97  8:05  Pylon  
  103  8:09  High Templar  
  105  8:13  Nexus  
  105  8:15  Pylon, Zealot x3  
  106  8:36  Zealot x4, High Templar x2  
  106  8:37  Zealot  
  120  8:41  Photon Cannon  
  120  8:44  Photon Cannon  
  120  8:46  Archon  
  120  8:48  Robotics Facility  
  120  8:51  Photon Cannon  
  118  8:58  Zealot  
  118  8:59  Zealot x4  
  118  9:01  Observer (Chrono Boost)  
  117  9:13  High Templar x2  
  117  9:14  Zealot, Photon Cannon  
  123  9:17  Photon Cannon  
  123  9:19  Shield Battery  
  123  9:22  Observer (Chrono Boost)  
  120  9:30  Protoss Ground Weapons Level 2 (Chrono Boost)  
  114  9:32  Zealot x4  
  122  9:44  Immortal (Chrono Boost)  
  124  9:49  Immortal (Chrono Boost), High Templar  
  124  9:50  High Templar  
  132  9:53  Shield Battery  
  132  9:55  Archon  
  130  10:07  Pylon  
  130  10:09  Zealot x3  
  130  10:10  Zealot  
  130  10:11  Zealot  
  140  10:16  Oracle  
  143  10:27  Archon  
  143  10:28  Zealot x3  
  143  10:29  Stalker x3  
  133  10:42  Archon  
  119  10:43  Warp Prism (Chrono Boost)  
  119  10:44  Zealot x4  
  120  10:56  High Templar x4  
  128  10:58  Probe  
  128  10:59  Probe  
  130  11:06  Probe x2  
  130  11:09  Assimilator  
  130  11:11  Probe  
  133  11:14  Assimilator  
  133  11:16  High Templar x2  
  133  11:17  Zealot x2, High Templar x2  
  145  11:21  Archon x2  
  145  11:22  Immortal (Chrono Boost)  
  143  11:28  Immortal (Chrono Boost)  
  147  11:43  Observer  
  147  11:46  Zealot x3  
  153  11:48  Stalker x3  
  159  11:59  Archon  
  139  12:05  Zealot x2  
  119  12:18  Zealot x5  
  119  12:19  Zealot x2  
  121  12:39  High Templar x5  
  121  12:40  Zealot x4, High Templar  
Show
View Real Time Build Order
Export as new Build Order

Losira Zerg 

Build Orders: Hatch First, Lurkers 

Get SALT Encoding   

  12  0:00  Drone  
  13  0:14  Overlord  
  13  0:18  Drone  
  14  0:32  Drone x2  
  16  0:37  Drone  
  17  0:54  Hatchery  
  17  0:56  Drone  
  17  1:00  Drone  
  18  1:06  Extractor  
  17  1:15  Spawning Pool  
  16  1:19  Drone  
  16  1:22  Drone  
  18  1:29  Drone  
  19  1:40  Overlord  
  19  2:02  Queen  
  19  2:03  Zergling x4  
  19  2:05  Queen  
  19  2:07  Zergling x2  
  26  2:09  Metabolic Boost  
  26  2:13  Drone  
  27  2:16  Zergling x2  
  28  2:25  Evolution Chamber  
  28  2:27  Drone  
  28  2:28  Drone  
  29  2:34  Drone  
  30  2:38  Drone  
  31  2:44  Drone  
  31  2:49  Drone  
  33  2:55  Overlord  
  33  2:59  Drone  
  34  3:07  Overlord  
  34  3:12  Zergling x4  
  36  3:14  Zergling x4  
  36  3:17  Zergling x6  
  36  3:19  Zergling x2  
  42  3:20  Queen  
  42  3:24  Overlord  
  44  3:32  Drone  
  46  3:34  Drone  
  46  3:41  Overlord  
  46  3:43  Drone  
  46  3:44  Drone  
  46  3:46  Drone x3  
  46  3:47  Drone  
  46  3:48  Drone  
  51  4:01  Drone  
  52  4:04  Hatchery  
  52  4:06  Drone  
  52  4:07  Drone  
  52  4:08  Drone  
  53  4:13  Drone  
  53  4:14  Drone  
  53  4:16  Drone  
  53  4:17  Drone  
  53  4:18  Drone  
  53  4:19  Drone  
  53  4:20  Drone  
  56  4:25  Lair  
  56  4:29  Drone  
  57  4:31  Drone  
  57  4:32  Drone  
  57  4:39  Extractor  
  57  4:40  Extractor  
  57  4:41  Spore Crawler  
  57  4:42  Drone x2  
  56  4:46  Queen  
  56  4:50  Drone, Overlord  
  56  4:51  Extractor  
  58  4:58  Zerg Missile Weapons Level 1  
  58  5:01  Zergling x4  
  58  5:11  Spore Crawler  
  58  5:12  Drone  
  58  5:13  Drone x5  
  63  5:18  Drone x2  
  63  5:19  Drone  
  66  5:29  Hydralisk Den  
  66  5:31  Spore Crawler  
  66  5:34  Queen  
  66  5:35  Drone  
  66  5:36  Drone x5  
  66  5:37  Drone  
  66  5:38  Spore Crawler  
  66  5:40  Drone  
  66  5:41  Drone  
  69  5:50  Drone x6  
  69  5:51  Overlord  
  69  5:55  Overlord, Extractor  
  69  5:56  Extractor  
  72  5:58  Overlord  
  72  6:00  Grooved Spines  
  72  6:06  Queen  
  72  6:10  Overlord  
  74  6:17  Hydralisk x4  
  77  6:21  Drone  
  77  6:22  Drone x3  
  77  6:24  Hydralisk  
  83  6:30  Hydralisk x2  
  83  6:32  Hydralisk  
  89  6:35  Hydralisk  
  89  6:38  Overlord, Hydralisk  
  93  6:41  Hydralisk  
  94  6:48  Hydralisk  
  94  6:50  Overlord  
  94  6:52  Overlord  
  96  6:54  Drone  
  96  6:55  Zerg Missile Weapons Level 2  
  96  6:57  Hydralisk  
  96  7:01  Hydralisk  
  99  7:03  Hydralisk  
  99  7:07  Hydralisk  
  105  7:09  Hydralisk  
  105  7:10  Hydralisk  
  105  7:11  Muscular Augments  
  109  7:15  Hydralisk  
  109  7:19  Drone x5  
  116  7:26  Drone  
  116  7:29  Lurker Den  
  114  7:35  Hatchery  
  110  7:45  Hydralisk x2  
  110  7:48  Overlord x2  
  114  7:51  Overlord  
  114  7:58  Overseer  
  114  7:59  Overlord  
  114  8:07  Hydralisk x6  
  114  8:10  Drone  
  114  8:11  Drone  
  128  8:15  Drone x2  
  128  8:16  Zergling x2  
  128  8:17  Zergling x10  
  128  8:18  Pneumatized Carapace  
  136  8:21  Extractor  
  136  8:22  Hydralisk x2  
  136  8:25  Extractor  
  137  8:28  Hydralisk  
  137  8:29  Hydralisk  
  141  8:34  Drone x3  
  141  8:35  Drone x2  
  141  8:36  Overlord  
  141  8:40  Overlord  
  146  8:50  Hydralisk x3  
  152  8:55  Zergling x2  
  152  8:56  Zergling x6  
  156  9:08  Lurker x2  
  156  9:09  Lurker x3  
  158  9:10  Lurker  
  158  9:11  Zerg Melee Weapons Level 1  
  158  9:14  Zergling x14  
  164  9:17  Hydralisk x2  
  164  9:22  Overlord  
  164  9:25  Hydralisk x2  
  164  9:26  Hydralisk  
  164  9:29  Hydralisk  
  164  9:31  Overlord  
  166  9:45  Lurker x4  
  170  9:46  Zergling x2  
  170  9:47  Overlord x4, Zergling x4  
  170  9:49  Overlord  
  170  9:50  Hydralisk  
  175  9:59  Hydralisk x4  
  179  10:03  Lurker  
  179  10:04  Overlord  
  179  10:06  Hydralisk  
  183  10:15  Hydralisk x3  
  183  10:16  Hydralisk x2  
  186  10:24  Hydralisk x3  
  180  10:32  Hydralisk x4  
  153  10:36  Hydralisk x2  
  153  10:41  Hydralisk x2  
  138  10:44  Hydralisk x2  
  138  10:47  Hydralisk  
  138  10:49  Hydralisk  
  132  10:55  Hydralisk x2  
  132  11:01  Lurker  
  132  11:02  Lurker  
  132  11:03  Hydralisk  
  136  11:05  Hydralisk  
  136  11:08  Zergling x12  
  144  11:12  Hydralisk x2  
  144  11:16  Hydralisk x2  
  151  11:19  Hydralisk  
  151  11:21  Hydralisk  
  155  11:28  Hydralisk x3  
  155  11:32  Hydralisk  
  150  11:33  Hydralisk  
  150  11:38  Hydralisk  
  150  11:39  Hydralisk x2  
  150  11:42  Hydralisk  
  152  11:48  Hydralisk x2  
  152  11:52  Hydralisk x3  
  162  11:56  Hydralisk  
  162  11:59  Hydralisk  
  162  12:00  Hydralisk  
  139  12:01  Hydralisk  
  139  12:06  Hydralisk x2  
  121  12:10  Hydralisk  
  121  12:12  Zergling x6  
  121  12:14  Hydralisk  
  121  12:15  Hydralisk  
  114  12:17  Hydralisk  
  114  12:20  Hydralisk  
  104  12:25  Zergling x2  
  104  12:26  Zergling x2  

Tags
 
Add a new tag
Caveats
  • Supply blocks, unpowered buildings, or Contaminate may cause inaccurate times.
  • Supply counts are checked every 10 seconds.